Phantoms vs Senators
Created - January 26, 2025 at 23:13
Goals
|
| Phantoms |
1 |
2 |
1 |
4 |
| Senators |
1 |
1 |
1 |
3 |
|
Shots
|
| Phantoms |
11 |
16 |
8 |
35 |
| Senators |
8 |
15 |
11 |
34 |
|
1st period
1. Phantoms , Joe Snively 22 (Lucas Wallmarkk 36, Andrey Pedan 7) at 15:31
2. Senators , Carl Grundstrom 14 (Marc Michaelis 22, Chase De Leo 23) at 19:25
Penalties :
Marc Michaelis (Bel) for Hooking (Minor) at 16:24
2nd period
3. Phantoms , Lucas Wallmarkk 23 (Rinat Valiev 13, Joe Snively 37) at 1:05
4. Senators , Arttu Ruotsalainen 9 (Vitaly Abramov 11, Jesse Graham 20) at 17:32
5. Phantoms , Rem Pitlick 12 (Cristoval Nieves 19, Mikko Lehtonen 12) at 18:32
Penalties :
Martin Fehervary (Bel) for Cross-checking (Minor) at 5:17
3rd period
6. Senators , Carl Grundstrom 15 (Marc Michaelis 23, C.J Suess 29) at 8:01 (PP)
7. Phantoms , Joe Snively 23 (Morgan Klimchuk 8, Andrey Pedan 8) at 11:47
Penalties :
Zac Leslie (Bel) for Slashing (Minor) at 0:37, Blake Heinrich (Leh) for Slashing (Minor) at 7:22, C.J Suess (Bel) for Cross-checking (Minor) at 17:42
Goalie Stats
Kevin Lankinen (Leh), 31 saves from 34 shots - (0.912), W, 4-1-0, 60:00 minutes
Justus Annunen (Bel), 31 saves from 35 shots - (0.886), L, 7-4-2, 59:55 minutes
Players Stats for Phantoms
Player Name G A P +/- PIM S H SB GA TA FO MP PP MP PK MP
------------------------------------------------------------------------------------
A.J. Greer 0 0 0 -1 0 0 0 0 0 1 0/0 11:38 0:00 0:00
Andrey Pedan 0 2 2 2 0 1 1 5 0 0 0/0 20:12 2:23 0:39
Blake Heinrich 0 0 0 0 2 1 3 3 2 0 0/0 26:59 5:33 0:00
Brett Murray 0 0 0 0 0 2 4 0 0 0 0/0 7:13 0:00 0:00
Cristoval Nieves 0 1 1 0 0 5 0 2 0 0 8/14 17:18 2:35 0:00
David Kampf 0 0 0 -1 0 3 0 0 2 0 1/2 11:38 0:00 0:00
J.T. Brown 0 0 0 0 0 1 1 1 0 0 0/1 17:18 2:35 0:00
Joe Snively 2 1 3 3 0 6 1 1 1 1 0/2 23:12 5:21 0:00
Laurent Dauphin 0 0 0 0 0 2 0 0 0 1 1/2 7:13 0:00 0:00
Lucas Wallmarkk 1 1 2 3 0 1 1 1 1 0 18/37 23:51 5:21 0:39
Matt Kiersted 0 0 0 0 0 1 1 0 0 0 0/0 12:48 0:00 0:00
Mikko Lehtonen 0 1 1 0 0 1 3 5 0 1 0/0 27:00 5:33 0:00
Morgan Klimchuk 0 1 1 3 0 4 1 0 0 2 1/2 23:51 5:21 0:39
Nick Sorensen 0 0 0 -1 0 4 1 0 0 0 0/1 11:52 0:00 0:00
Oliver Wahlstrom 0 0 0 0 0 0 1 0 0 0 0/0 7:13 0:00 0:00
Rem Pitlick 1 0 1 0 0 3 2 0 1 0 0/2 17:04 2:35 0:00
Riley Stillman 0 0 0 0 0 0 0 0 0 0 0/0 12:48 0:00 0:00
Rinat Valiev 0 1 1 2 0 0 0 1 0 1 0/0 20:12 2:23 0:39
Players Stats for Senators
Player Name G A P +/- PIM S H SB GA TA FO MP PP MP PK MP
------------------------------------------------------------------------------------
Akil Thomas 0 0 0 0 0 1 1 0 0 0 1/2 7:05 0:00 0:12
Anton Karlsson 0 0 0 0 0 0 0 0 0 0 0/0 10:15 0:00 3:18
Artem Zub 0 0 0 -1 0 3 0 0 1 1 0/0 24:14 0:39 4:01
Arttu Ruotsalainen 1 0 1 0 0 3 0 0 0 1 0/5 10:46 0:00 0:00
Bryce Kindopp 0 0 0 0 0 0 1 0 0 0 0/0 6:53 0:00 0:00
C.J Suess 0 1 1 -1 2 4 1 0 2 1 0/1 21:04 0:31 2:56
Carl Grundstrom 2 0 2 -1 0 2 2 0 0 0 0/1 16:09 0:08 0:00
Chase De Leo 0 1 1 -1 0 4 0 1 0 1 4/11 21:08 0:08 4:48
Cliff Pu 0 0 0 0 0 2 1 0 0 0 0/0 10:46 0:00 0:00
Gustav Forsling 0 0 0 0 0 0 0 0 0 0 0/0 5:19 0:00 0:24
Jesse Graham 0 1 1 -1 0 1 1 1 0 0 0/0 20:09 0:00 3:55
Jett Woo 0 0 0 0 0 0 0 0 0 0 0/0 4:55 0:00 0:00
Jonas Siegenthaler 0 0 0 -1 0 0 1 0 0 0 0/0 20:09 0:00 3:55
Kiefer Sherwood 0 0 0 -1 0 2 2 0 0 0 0/1 17:59 0:31 0:00
Marc Michaelis 0 2 2 -1 2 3 2 0 0 0 0/0 17:13 0:08 0:58
Martin Fehervary 0 0 0 0 2 1 0 2 1 0 0/0 11:46 0:00 0:59
Mason Geertsen 0 0 0 0 0 0 0 2 0 0 0/0 10:42 0:00 0:00
Radek Faksa 0 0 0 -1 0 4 1 1 2 2 29/41 21:30 0:31 3:25
Vitaly Abramov 0 1 1 0 0 3 0 0 1 0 0/1 11:07 0:00 0:15
Zac Leslie 0 0 0 -1 2 1 2 1 0 1 0/0 22:51 0:39 2:38
3 Stars
1 - Joe Snively (Leh)
2 - Lucas Wallmarkk (Leh)
3 - Andrey Pedan (Leh)
Power Play
Phantoms - 0 on 4 Attempt(s) - 0.00%
Senators - 1 on 1 Attempt(s) - 100.00%
Penalty Kill
Phantoms - 0 on 1 Attempt(s) - 0.00%
- Score 0 goal in Penalty Kill
Senators - 4 on 4 Attempt(s) - 100.00%
- Score 0 goal in Penalty Kill
Team Stat
Phantoms - Hits : 20 - Faceoff Wins : 29 - Blocked Shots : 19 - Penalty Minutes : 2
Senators - Hits : 15 - Faceoff Wins : 34 - Blocked Shots : 8 - Penalty Minutes : 8
Official
Referees : Tom Chmielewski and Brad Meier
Linesman : Derek Amell and Matt MacPherson
Game Notes
No Game Note
Finance
Level 1 -- Attendance: 1838 (91.90%) -- Ticket Income $128,660
Level 2 -- Attendance: 914 (91.40%) -- Ticket Income $36,560
Total Attendance: 2752 (91.73%)
Total Ticket Income: $165,220
Other Income: $8,261
Total Income: $173,481
Phantoms
5 vs 5 Forward
Center Left Wing Right Wing Time % Phy DF OF
1 Lucas Wallmarkk Joe Snively Morgan Klimchuk 42 1 1 3
2 Cristoval Nieves J.T. Brown Rem Pitlick 33 1 1 3
3 David Kampf Nick Sorensen A.J. Greer 20 1 3 1
4 Laurent Dauphin Brett Murray Oliver Wahlstrom 5 1 3 1
5 vs 5 Defense
Defense Defense Time % Phy DF OF
1 Blake Heinrich Mikko Lehtonen 45 0 2 3
2 Andrey Pedan Rinat Valiev 35 0 2 3
3 Riley Stillman Matt Kiersted 20 1 3 1
4 Riley Stillman Matt Kiersted 0 1 3 1
PowerPlay Forward
Center Left Wing Right Wing Time % Phy DF OF
1 Lucas Wallmarkk Joe Snively Morgan Klimchuk 60 0 1 4
2 Cristoval Nieves J.T. Brown Rem Pitlick 40 0 1 4
PowerPlay Defense
Defense Defense Time % Phy DF OF
1 Blake Heinrich Mikko Lehtonen 60 0 1 4
2 Andrey Pedan Rinat Valiev 40 0 1 4
Penalty Kill 4 Players Forward
Center Wing Time % Phy DF OF
1 Lucas Wallmarkk Morgan Klimchuk 60 1 4 0
2 Cristoval Nieves J.T. Brown 40 1 4 0
Penalty Kill 4 Players Defense
Defense Defense Time % Phy DF OF
1 Blake Heinrich Rinat Valiev 60 1 4 0
2 Andrey Pedan Matt Kiersted 40 1 4 0
Penalty Kill - 3 Players Forward
Forward Time % Phy DF OF
1 Lucas Wallmarkk 60 1 4 0
2 J.T. Brown 40 1 4 0
Penalty Kill - 3 Players Defense
Defense Defense Time % Phy DF OF
1 Blake Heinrich Rinat Valiev 60 1 4 0
2 Andrey Pedan Matt Kiersted 40 1 4 0
4 vs 4 Forward
Center Wing Time % Phy DF OF
1 Lucas Wallmarkk Nick Sorensen 60 1 2 2
2 Cristoval Nieves Morgan Klimchuk 40 1 2 2
4 vs 4 Defense
Defense Defense Time % Phy DF OF
1 Blake Heinrich Mikko Lehtonen 60 1 2 2
2 Andrey Pedan Rinat Valiev 40 1 2 2
Last Minutes Offensive
Center Left Wing Right Wing Defense Defense
Lucas Wallmarkk Joe Snively Morgan Klimchuk Blake Heinrich Mikko Lehtonen
Last Minutes Defensive
Center Left Wing Right Wing Defense Defense
Lucas Wallmarkk J.T. Brown Morgan Klimchuk Blake Heinrich Rinat Valiev
Goaltenders
Starting : Kevin Lankinen
Backup : Zachary Fucale
Extra Forwards
Normal : Cristoval Nieves, J.T. Brown, Nick Sorensen - PP : Morgan Klimchuk, Rem Pitlick - PK : Rem Pitlick
Extra Defensemen
Normal : Blake Heinrich, Rinat Valiev, Andrey Pedan - PP : Mikko Lehtonen - PK : Blake Heinrich, Rinat Valiev
Penalty Shots
Rem Pitlick, Nick Sorensen, Morgan Klimchuk, Joe Snively, Cristoval Nieves
Custom OT Lines Forwards
Morgan Klimchuk, Joe Snively, Lucas Wallmarkk, J.T. Brown, Cristoval Nieves, Rem Pitlick, Nick Sorensen, David Kampf, Oliver Wahlstrom, A.J. Greer
Custom OT Lines Defensemen
Blake Heinrich, Mikko Lehtonen, Andrey Pedan, Rinat Valiev, Matt Kiersted
Scratches
Anthony Angello (Healthy), Benoit-Olivier Groulx (Healthy), Cooper Marody (Healthy), Ty Smith (Healthy), Victor Berglund (Healthy)
Fabian Zetterlund (Healthy), Sven Andrighetto (Right Hip Injury), David Gustafsson (Healthy), Josiah Slavin (Healthy), Cam York (Healthy)
Kaedan Korczak (Healthy), Danil Zhuravlyov (Healthy), Alex Beaucage (Healthy), Arsen Khisamutdinov (Healthy), Jacob Ingham (Healthy)
Zachary Sawchenko (Healthy)
Senators
5 vs 5 Forward
Center Left Wing Right Wing Time % Phy DF OF
1 Radek Faksa C.J Suess Kiefer Sherwood 40 1 2 2
2 Chase De Leo Marc Michaelis Carl Grundstrom 30 1 2 2
3 Arttu Ruotsalainen Vitaly Abramov Cliff Pu 20 1 2 2
4 Akil Thomas Anton Karlsson Bryce Kindopp 10 1 2 2
5 vs 5 Defense
Defense Defense Time % Phy DF OF
1 Zac Leslie Artem Zub 40 1 2 2
2 Jesse Graham Jonas Siegenthaler 30 1 2 2
3 Mason Geertsen Martin Fehervary 20 1 2 2
4 Gustav Forsling Jett Woo 10 1 2 2
PowerPlay Forward
Center Left Wing Right Wing Time % Phy DF OF
1 Radek Faksa C.J Suess Kiefer Sherwood 60 0 1 4
2 Chase De Leo Marc Michaelis Carl Grundstrom 40 0 1 4
PowerPlay Defense
Defense Defense Time % Phy DF OF
1 Zac Leslie Artem Zub 60 0 1 4
2 Jesse Graham Jonas Siegenthaler 40 0 1 4
Penalty Kill 4 Players Forward
Center Wing Time % Phy DF OF
1 Radek Faksa C.J Suess 60 1 4 0
2 Chase De Leo Marc Michaelis 40 1 4 0
Penalty Kill 4 Players Defense
Defense Defense Time % Phy DF OF
1 Zac Leslie Artem Zub 60 1 4 0
2 Jesse Graham Jonas Siegenthaler 40 1 4 0
Penalty Kill - 3 Players Forward
Forward Time % Phy DF OF
1 Radek Faksa 60 1 4 0
2 Chase De Leo 40 1 4 0
Penalty Kill - 3 Players Defense
Defense Defense Time % Phy DF OF
1 Zac Leslie Artem Zub 60 1 4 0
2 Jesse Graham Jonas Siegenthaler 40 1 4 0
4 vs 4 Forward
Center Wing Time % Phy DF OF
1 Radek Faksa C.J Suess 60 0 2 3
2 Chase De Leo Marc Michaelis 40 1 2 2
4 vs 4 Defense
Defense Defense Time % Phy DF OF
1 Zac Leslie Artem Zub 60 0 2 3
2 Jesse Graham Jonas Siegenthaler 40 1 2 2
Last Minutes Offensive
Center Left Wing Right Wing Defense Defense
Radek Faksa C.J Suess Kiefer Sherwood Zac Leslie Artem Zub
Last Minutes Defensive
Center Left Wing Right Wing Defense Defense
Radek Faksa C.J Suess Kiefer Sherwood Zac Leslie Artem Zub
Goaltenders
Starting : Justus Annunen
Backup : David Rittich
Extra Forwards
Normal : Chase De Leo, Carl Grundstrom, Vitaly Abramov - PP : Chase De Leo, Carl Grundstrom - PK : Chase De Leo
Extra Defensemen
Normal : Martin Fehervary, Gustav Forsling, Jett Woo - PP : Martin Fehervary - PK : Martin Fehervary, Gustav Forsling
Penalty Shots
Radek Faksa, C.J Suess, Marc Michaelis, Kiefer Sherwood, Chase De Leo
Custom OT Lines Forwards
Radek Faksa, C.J Suess, Marc Michaelis, Kiefer Sherwood, Chase De Leo, Carl Grundstrom, Vitaly Abramov, Anton Karlsson, Arttu Ruotsalainen, Cliff Pu
Custom OT Lines Defensemen
Zac Leslie, Artem Zub, Jesse Graham, Jonas Siegenthaler, Mason Geertsen
Scratches
Ivan Morozov (Healthy), Alec Regula (Healthy), Tyler Angle (Healthy), Adam Mascherin (Healthy), Olivier Rodrigue (Healthy)
% Time on Ice - Phantoms
Lines # - Real PCT - Wanted PCT - Time Play
Normal Forward
1 - 35% - 42% - 17:51
2 - 28% - 33% - 14:29
3 - 23% - 20% - 11:38
4 - 14% - 5% - 7:13
Normal Defense
1 - 42% - 45% - 21:27
2 - 33% - 35% - 16:56
3 - 22% - 20% - 11:08
4 - 3% - 0% - 1:40
PP Forward
1 - 67% - 60% - 5:21
2 - 33% - 40% - 2:35
PP Defense
1 - 70% - 60% - 5:33
2 - 30% - 40% - 2:23
PK Forward
1 - 100% - 60% - 0:39
2 - 0% - 40% - 0:00
PK Defense
1 - 100% - 60% - 0:39
2 - 0% - 40% - 0:00
PK3 Forward
1 - 0% - 60%
2 - 0% - 40%
PK3 Defense
1 - 0% - 60%
2 - 0% - 40%
44 Forward
1 - 0% - 60%
2 - 0% - 40%
44 Defense
1 - 0% - 60%
2 - 0% - 40%
Last Minute Offensive - 0:00
Last Minute Defensive - 0:14
Total
Forward - 60:00
Defense - 60:00
|
% Time on Ice - Senators
Lines # - Real PCT - Wanted PCT - Time Play
Normal Forward
1 - 34% - 40% - 17:30
2 - 31% - 30% - 16:02
3 - 21% - 20% - 10:46
4 - 13% - 10% - 6:53
Normal Defense
1 - 38% - 40% - 19:20
2 - 32% - 30% - 16:14
3 - 21% - 20% - 10:42
4 - 10% - 10% - 4:55
PP Forward
1 - 79% - 60% - 0:31
2 - 21% - 40% - 0:08
PP Defense
1 - 100% - 60% - 0:39
2 - 0% - 40% - 0:00
PK Forward
1 - 82% - 60% - 6:29
2 - 18% - 40% - 1:27
PK Defense
1 - 51% - 60% - 4:01
2 - 49% - 40% - 3:55
PK3 Forward
1 - 0% - 60%
2 - 0% - 40%
PK3 Defense
1 - 0% - 60%
2 - 0% - 40%
44 Forward
1 - 0% - 60%
2 - 0% - 40%
44 Defense
1 - 0% - 60%
2 - 0% - 40%
Last Minute Offensive - 0:14
Last Minute Defensive - 0:00
Total
Forward - 60:00
Defense - 60:00
|
Play-by-Play
1st period
0:01 of 1st period - Lucas Wallmarkk wins face-off versus Radek Faksa in neutral zone.
0:28 of 1st period - Slapshot by Marc Michaelis.
0:28 of 1st period - Shot Misses the Net.
1:03 of 1st period - Icing by Andrey Pedan.
1:04 of 1st period - Akil Thomas wins face-off versus Laurent Dauphin in Phantoms zone.
1:07 of 1st period - Wrist shot by Anton Karlsson.
1:07 of 1st period - Shot Blocked by Andrey Pedan.
1:09 of 1st period - Slapshot by Akil Thomas.
1:09 of 1st period - Stopped by Kevin Lankinen with a rebound.
1:11 of 1st period - Wrist shot by Mason Geertsen.
1:11 of 1st period - Shot Misses the Net.
1:29 of 1st period - Snap shot by Kiefer Sherwood.
1:29 of 1st period - Stopped by Kevin Lankinen without a rebound.
1:30 of 1st period - Radek Faksa wins face-off versus Lucas Wallmarkk in Phantoms zone.
1:37 of 1st period - Wrist shot by Radek Faksa.
1:37 of 1st period - Deflect By Morgan Klimchuk.
1:37 of 1st period - Shot Blocked by Lucas Wallmarkk.
1:37 of 1st period - Puck is out of play.
1:38 of 1st period - Chase De Leo wins face-off versus Cristoval Nieves in Phantoms zone.
1:43 of 1st period - Snap shot by Marc Michaelis.
1:43 of 1st period - Shot Misses the Net.
2:11 of 1st period - Wrist shot by Joe Snively.
2:11 of 1st period - Shot Misses the Net.
2:25 of 1st period - Wrist shot by Nick Sorensen.
2:25 of 1st period - Stopped by Justus Annunen without a rebound.
2:26 of 1st period - David Kampf wins face-off versus Arttu Ruotsalainen in Senators zone.
2:31 of 1st period - Slapshot by Nick Sorensen.
2:31 of 1st period - Stopped by Justus Annunen with a rebound.
2:56 of 1st period - Wrist shot by C.J Suess.
2:56 of 1st period - Shot Blocked by Blake Heinrich.
2:58 of 1st period - Wrist shot by Kiefer Sherwood.
2:58 of 1st period - Shot Misses the Net.
3:00 of 1st period - Wrist shot by Kiefer Sherwood.
3:00 of 1st period - Deflect By Radek Faksa.
3:00 of 1st period - Stopped by Kevin Lankinen with a rebound.
3:02 of 1st period - Snap shot by C.J Suess.
3:02 of 1st period - Shot Misses the Net.
3:58 of 1st period - Slapshot by Vitaly Abramov.
3:58 of 1st period - Shot Misses the Net.
4:00 of 1st period - Slapshot by Artem Zub.
4:00 of 1st period - Shot Misses the Net.
4:02 of 1st period - Slapshot by Zac Leslie.
4:02 of 1st period - Stopped by Kevin Lankinen with a rebound.
5:02 of 1st period - Snap shot by Vitaly Abramov.
5:02 of 1st period - Stopped by Kevin Lankinen with a rebound.
5:04 of 1st period - Slapshot by Martin Fehervary.
5:04 of 1st period - Shot Misses the Net.
5:34 of 1st period - Mikko Lehtonen is hit by Carl Grundstrom and loses puck.
6:03 of 1st period - Snap shot by Rem Pitlick.
6:03 of 1st period - Shot Misses the Net.
6:13 of 1st period - Arttu Ruotsalainen is hit by Brett Murray.
6:53 of 1st period - A.J. Greer is hit by Carl Grundstrom and loses puck.
7:16 of 1st period - Matt Kiersted is hit by Akil Thomas and loses puck.
8:07 of 1st period - Wrist shot by Arttu Ruotsalainen.
8:07 of 1st period - Shot Blocked by Mikko Lehtonen.
8:09 of 1st period - Wrist shot by Vitaly Abramov.
8:09 of 1st period - Deflect By Cliff Pu.
8:09 of 1st period - Stopped by Kevin Lankinen without a rebound.
8:10 of 1st period - Radek Faksa wins face-off versus Lucas Wallmarkk in Phantoms zone.
8:44 of 1st period - Snap shot by Marc Michaelis.
8:44 of 1st period - Deflect By Chase De Leo.
8:44 of 1st period - Shot Blocked by Rinat Valiev.
8:44 of 1st period - Puck is out of play.
8:45 of 1st period - Chase De Leo wins face-off versus Lucas Wallmarkk in Phantoms zone.
8:48 of 1st period - Snap shot by Chase De Leo.
8:48 of 1st period - Shot Misses the Net.
8:50 of 1st period - Snap shot by Marc Michaelis.
8:50 of 1st period - Shot Blocked by Blake Heinrich.
8:52 of 1st period - Wrist shot by Artem Zub.
8:52 of 1st period - Stopped by Kevin Lankinen with a rebound.
9:20 of 1st period - Snap shot by Rem Pitlick.
9:20 of 1st period - Deflect By J.T. Brown.
9:20 of 1st period - Stopped by Justus Annunen without a rebound.
9:21 of 1st period - Radek Faksa wins face-off versus Cristoval Nieves in Senators zone.
9:41 of 1st period - Jesse Graham is hit by Rem Pitlick and loses puck.
9:49 of 1st period - Icing by Jonas Siegenthaler.
9:50 of 1st period - Lucas Wallmarkk wins face-off versus Radek Faksa in Senators zone.
10:01 of 1st period - Wrist shot by Joe Snively.
10:01 of 1st period - Stopped by Justus Annunen without a rebound.
10:02 of 1st period - Lucas Wallmarkk wins face-off versus Chase De Leo in Senators zone.
10:52 of 1st period - Snap shot by C.J Suess.
10:52 of 1st period - Shot Misses the Net.
10:54 of 1st period - Slapshot by Zac Leslie.
10:54 of 1st period - Shot Misses the Net.
10:56 of 1st period - Wrist shot by C.J Suess.
10:56 of 1st period - Shot Misses the Net.
10:58 of 1st period - Wrist shot by Radek Faksa.
10:58 of 1st period - Shot Misses the Net.
11:14 of 1st period - Slapshot by Morgan Klimchuk.
11:14 of 1st period - Stopped by Justus Annunen without a rebound.
11:15 of 1st period - Lucas Wallmarkk wins face-off versus Chase De Leo in Senators zone.
11:16 of 1st period - Wrist shot by Joe Snively.
11:16 of 1st period - Stopped by Justus Annunen without a rebound.
11:17 of 1st period - Lucas Wallmarkk wins face-off versus Chase De Leo in Senators zone.
12:15 of 1st period - Snap shot by Arttu Ruotsalainen.
12:15 of 1st period - Shot Misses the Net.
12:27 of 1st period - Wrist shot by Arttu Ruotsalainen.
12:27 of 1st period - Shot Misses the Net.
12:37 of 1st period - Slapshot by Laurent Dauphin.
12:37 of 1st period - Shot Blocked by Zac Leslie.
13:27 of 1st period - Snap shot by Zac Leslie.
13:27 of 1st period - Shot Blocked by Andrey Pedan.
14:00 of 1st period - Snap shot by Nick Sorensen.
14:00 of 1st period - Stopped by Justus Annunen without a rebound.
14:01 of 1st period - Radek Faksa wins face-off versus Lucas Wallmarkk in Senators zone.
14:01 of 1st period - Radek Faksa is hit by Morgan Klimchuk.
14:27 of 1st period - Rem Pitlick is hit by Jesse Graham.
14:47 of 1st period - Jesse Graham is hit by Brett Murray and loses puck.
15:29 of 1st period - Snap shot by Joe Snively.
15:29 of 1st period - Shot Misses the Net.
15:31 of 1st period - Snap shot by Joe Snively.
15:31 of 1st period - Goal by Joe Snively - Phantoms : 1 - Senators : 0.
15:32 of 1st period - Radek Faksa wins face-off versus Lucas Wallmarkk in neutral zone.
16:01 of 1st period - Icing by Artem Zub.
16:02 of 1st period - Chase De Leo wins face-off versus Nick Sorensen in Senators zone.
16:24 of 1st period - Minor Penalty to Marc Michaelis for Hooking.
16:25 of 1st period - Radek Faksa wins face-off versus Lucas Wallmarkk in Senators zone.
18:24 of 1st period - Penalty to Marc Michaelis is over, Marc Michaelis is back on ice.
18:29 of 1st period - Off-side.
18:30 of 1st period - Laurent Dauphin wins face-off versus Arttu Ruotsalainen in neutral zone.
18:33 of 1st period - Slapshot by Laurent Dauphin.
18:33 of 1st period - Stopped by Justus Annunen with a rebound.
18:35 of 1st period - Slapshot by Matt Kiersted.
18:35 of 1st period - Stopped by Justus Annunen with a rebound.
18:37 of 1st period - Slapshot by Matt Kiersted.
18:37 of 1st period - Shot Blocked by Mason Geertsen.
18:41 of 1st period - Wrist shot by Laurent Dauphin.
18:41 of 1st period - Shot Blocked by Martin Fehervary.
18:43 of 1st period - Snap shot by Brett Murray.
18:43 of 1st period - Shot Misses the Net.
18:45 of 1st period - Wrist shot by Laurent Dauphin.
18:45 of 1st period - Stopped by Justus Annunen with a rebound.
19:06 of 1st period - Anton Karlsson is hit by Mikko Lehtonen and loses puck.
19:25 of 1st period - Wrist shot by Carl Grundstrom.
19:25 of 1st period - Goal by Carl Grundstrom - Phantoms : 1 - Senators : 1.
19:26 of 1st period - Radek Faksa wins face-off versus Lucas Wallmarkk in neutral zone.
19:30 of 1st period - Zac Leslie is hit by Blake Heinrich and loses puck.
19:53 of 1st period - Artem Zub is hit by Rem Pitlick and loses puck.
Goals for this period are 1 for Phantoms vs 1 for Senators.
Shots for this period are 11 for Phantoms vs 8 for Senators.
2nd period
0:01 of 2nd period - Lucas Wallmarkk wins face-off versus Kiefer Sherwood in neutral zone.
0:04 of 2nd period - Wrist shot by Joe Snively.
0:04 of 2nd period - Stopped by Justus Annunen without a rebound.
0:05 of 2nd period - Radek Faksa wins face-off versus Lucas Wallmarkk in Senators zone.
0:15 of 2nd period - Icing by Radek Faksa.
0:16 of 2nd period - Radek Faksa wins face-off versus Joe Snively in Senators zone.
0:22 of 2nd period - Off-side.
0:23 of 2nd period - Lucas Wallmarkk wins face-off versus Radek Faksa in neutral zone.
0:49 of 2nd period - Off-side.
0:50 of 2nd period - Cristoval Nieves wins face-off versus Chase De Leo in neutral zone.
0:55 of 2nd period - Slapshot by Rinat Valiev.
0:55 of 2nd period - Deflect By Rem Pitlick.
0:55 of 2nd period - Shot Misses the Net.
0:55 of 2nd period - Puck is out of play.
0:56 of 2nd period - Lucas Wallmarkk wins face-off versus Radek Faksa in Senators zone.
0:59 of 2nd period - Snap shot by Lucas Wallmarkk.
0:59 of 2nd period - Shot Misses the Net.
1:01 of 2nd period - Wrist shot by Joe Snively.
1:01 of 2nd period - Shot Blocked by Radek Faksa.
1:03 of 2nd period - Snap shot by Rinat Valiev.
1:03 of 2nd period - Shot Misses the Net.
1:05 of 2nd period - Snap shot by Lucas Wallmarkk.
1:05 of 2nd period - Goal by Lucas Wallmarkk - Phantoms : 2 - Senators : 1.
1:06 of 2nd period - Cristoval Nieves wins face-off versus Radek Faksa in neutral zone.
1:09 of 2nd period - Slapshot by Blake Heinrich.
1:09 of 2nd period - Shot Misses the Net.
1:17 of 2nd period - Wrist shot by Cristoval Nieves.
1:17 of 2nd period - Shot Hit the Post.
1:19 of 2nd period - Snap shot by Cristoval Nieves.
1:19 of 2nd period - Stopped by Justus Annunen with a rebound.
1:21 of 2nd period - Slapshot by Mikko Lehtonen.
1:21 of 2nd period - Stopped by Justus Annunen with a rebound.
1:31 of 2nd period - Blake Heinrich is hit by Zac Leslie and loses puck.
1:36 of 2nd period - Snap shot by Chase De Leo.
1:36 of 2nd period - Shot Blocked by Mikko Lehtonen.
1:38 of 2nd period - Slapshot by Jesse Graham.
1:38 of 2nd period - Deflect By Mikko Lehtonen.
1:38 of 2nd period - Stopped by Kevin Lankinen with a rebound.
1:42 of 2nd period - Snap shot by Chase De Leo.
1:42 of 2nd period - Stopped by Kevin Lankinen without a rebound.
1:43 of 2nd period - Cristoval Nieves wins face-off versus Arttu Ruotsalainen in Phantoms zone.
1:52 of 2nd period - Snap shot by Arttu Ruotsalainen.
1:52 of 2nd period - Stopped by Kevin Lankinen with a rebound.
1:54 of 2nd period - Wrist shot by Cliff Pu.
1:54 of 2nd period - Stopped by Kevin Lankinen with a rebound.
1:56 of 2nd period - Wrist shot by Vitaly Abramov.
1:56 of 2nd period - Deflect By Arttu Ruotsalainen.
1:56 of 2nd period - Shot Blocked by Cristoval Nieves.
1:56 of 2nd period - Puck is out of play.
1:57 of 2nd period - Morgan Klimchuk wins face-off versus Radek Faksa in Phantoms zone.
2:45 of 2nd period - Snap shot by Marc Michaelis.
2:45 of 2nd period - Stopped by Kevin Lankinen without a rebound.
2:46 of 2nd period - Chase De Leo wins face-off versus Cristoval Nieves in Phantoms zone.
3:11 of 2nd period - Carl Grundstrom is hit by Oliver Wahlstrom and loses puck.
3:18 of 2nd period - Wrist shot by Laurent Dauphin.
3:18 of 2nd period - Shot Misses the Net.
3:57 of 2nd period - Snap shot by Brett Murray.
3:57 of 2nd period - Stopped by Justus Annunen without a rebound.
3:58 of 2nd period - Radek Faksa wins face-off versus Lucas Wallmarkk in Senators zone.
4:25 of 2nd period - Backhand shot by Vitaly Abramov.
4:25 of 2nd period - Stopped by Kevin Lankinen with a rebound.
4:27 of 2nd period - Wrist shot by Vitaly Abramov.
4:27 of 2nd period - Stopped by Kevin Lankinen without a rebound.
4:28 of 2nd period - Cristoval Nieves wins face-off versus Radek Faksa in Phantoms zone.
4:33 of 2nd period - Slapshot by Blake Heinrich.
4:33 of 2nd period - Deflect By Cristoval Nieves.
4:33 of 2nd period - Stopped by Justus Annunen with a rebound.
4:35 of 2nd period - Snap shot by Rem Pitlick.
4:35 of 2nd period - Stopped by Justus Annunen with a rebound.
4:37 of 2nd period - Slapshot by Cristoval Nieves.
4:37 of 2nd period - Stopped by Justus Annunen with a rebound.
4:43 of 2nd period - Snap shot by Cristoval Nieves.
4:43 of 2nd period - Stopped by Justus Annunen with a rebound.
5:17 of 2nd period - Minor Penalty to Martin Fehervary for Cross-checking.
5:18 of 2nd period - Radek Faksa wins face-off versus Morgan Klimchuk in Senators zone.
6:10 of 2nd period - Chase De Leo is hit by Andrey Pedan and loses puck.
6:44 of 2nd period - Icing by J.T. Brown.
6:45 of 2nd period - Radek Faksa wins face-off versus Rem Pitlick in Phantoms zone.
7:17 of 2nd period - Penalty to Martin Fehervary is over, Martin Fehervary is back on ice.
8:00 of 2nd period - Wrist shot by Nick Sorensen.
8:00 of 2nd period - Stopped by Justus Annunen with a rebound.
8:14 of 2nd period - Wrist shot by Chase De Leo.
8:14 of 2nd period - Stopped by Kevin Lankinen with a rebound.
8:44 of 2nd period - Cristoval Nieves is hit by Kiefer Sherwood and loses puck.
9:23 of 2nd period - Jonas Siegenthaler is hit by Brett Murray and loses puck.
9:30 of 2nd period - Snap shot by Brett Murray.
9:30 of 2nd period - Stopped by Justus Annunen without a rebound.
9:31 of 2nd period - Lucas Wallmarkk wins face-off versus Arttu Ruotsalainen in Senators zone.
10:03 of 2nd period - Snap shot by C.J Suess.
10:03 of 2nd period - Stopped by Kevin Lankinen without a rebound.
10:04 of 2nd period - Radek Faksa wins face-off versus Rem Pitlick in Phantoms zone.
10:09 of 2nd period - Slapshot by Radek Faksa.
10:09 of 2nd period - Stopped by Kevin Lankinen with a rebound.
11:10 of 2nd period - Wrist shot by David Kampf.
11:10 of 2nd period - Stopped by Justus Annunen with a rebound.
11:34 of 2nd period - Wrist shot by David Kampf.
11:34 of 2nd period - Stopped by Justus Annunen without a rebound.
11:35 of 2nd period - Radek Faksa wins face-off versus Lucas Wallmarkk in Senators zone.
11:42 of 2nd period - Blake Heinrich is hit by Zac Leslie and loses puck.
12:08 of 2nd period - Wrist shot by Vitaly Abramov.
12:08 of 2nd period - Shot Blocked by Cristoval Nieves.
12:10 of 2nd period - Wrist shot by Arttu Ruotsalainen.
12:10 of 2nd period - Stopped by Kevin Lankinen without a rebound.
12:11 of 2nd period - Lucas Wallmarkk wins face-off versus Arttu Ruotsalainen in Phantoms zone.
13:17 of 2nd period - Marc Michaelis is hit by Mikko Lehtonen and loses puck.
13:31 of 2nd period - Icing by David Kampf.
13:32 of 2nd period - Radek Faksa wins face-off versus David Kampf in Phantoms zone.
13:41 of 2nd period - Snap shot by David Kampf.
13:41 of 2nd period - Shot Misses the Net.
13:57 of 2nd period - Morgan Klimchuk is hit by Marc Michaelis and loses puck.
15:14 of 2nd period - Laurent Dauphin is hit by Kiefer Sherwood and loses puck.
15:31 of 2nd period - Wrist shot by Joe Snively.
15:31 of 2nd period - Shot Blocked by Martin Fehervary.
15:33 of 2nd period - Wrist shot by Morgan Klimchuk.
15:33 of 2nd period - Shot Blocked by Mason Geertsen.
15:35 of 2nd period - Slapshot by Andrey Pedan.
15:35 of 2nd period - Deflect By Chase De Leo.
15:35 of 2nd period - Stopped by Justus Annunen without a rebound.
15:36 of 2nd period - Radek Faksa wins face-off versus Lucas Wallmarkk in Senators zone.
16:06 of 2nd period - Snap shot by Cristoval Nieves.
16:06 of 2nd period - Shot Misses the Net.
16:30 of 2nd period - Wrist shot by Artem Zub.
16:30 of 2nd period - Stopped by Kevin Lankinen without a rebound.
16:31 of 2nd period - Radek Faksa wins face-off versus Lucas Wallmarkk in Phantoms zone.
17:30 of 2nd period - Snap shot by Vitaly Abramov.
17:30 of 2nd period - Shot Hit the Post.
17:32 of 2nd period - Snap shot by Arttu Ruotsalainen.
17:32 of 2nd period - Goal by Arttu Ruotsalainen - Phantoms : 2 - Senators : 2.
17:33 of 2nd period - Radek Faksa wins face-off versus Lucas Wallmarkk in neutral zone.
17:38 of 2nd period - Snap shot by Lucas Wallmarkk.
17:38 of 2nd period - Deflect By Joe Snively.
17:38 of 2nd period - Stopped by Justus Annunen with a rebound.
18:20 of 2nd period - Snap shot by Blake Heinrich.
18:20 of 2nd period - Shot Blocked by Chase De Leo.
18:22 of 2nd period - Slapshot by Cristoval Nieves.
18:22 of 2nd period - Shot Misses the Net.
18:24 of 2nd period - Backhand shot by Rem Pitlick.
18:24 of 2nd period - Shot Misses the Net.
18:32 of 2nd period - Slapshot by Rem Pitlick.
18:32 of 2nd period - Goal by Rem Pitlick - Phantoms : 3 - Senators : 2.
18:33 of 2nd period - Radek Faksa wins face-off versus J.T. Brown in neutral zone.
18:38 of 2nd period - Slapshot by Artem Zub.
18:38 of 2nd period - Stopped by Kevin Lankinen with a rebound.
18:40 of 2nd period - Wrist shot by Kiefer Sherwood.
18:40 of 2nd period - Stopped by Kevin Lankinen without a rebound.
18:41 of 2nd period - Radek Faksa wins face-off versus Cristoval Nieves in Phantoms zone.
18:46 of 2nd period - Wrist shot by C.J Suess.
18:46 of 2nd period - Shot Misses the Net.
18:48 of 2nd period - Slapshot by Zac Leslie.
18:48 of 2nd period - Shot Misses the Net.
18:50 of 2nd period - Slapshot by Artem Zub.
18:50 of 2nd period - Shot Blocked by Andrey Pedan.
19:31 of 2nd period - Icing by Anton Karlsson.
19:32 of 2nd period - Lucas Wallmarkk wins face-off versus Akil Thomas in Senators zone.
19:59 of 2nd period - C.J Suess is hit by Blake Heinrich and loses puck.
Goals for this period are 2 for Phantoms vs 1 for Senators.
Shots for this period are 16 for Phantoms vs 15 for Senators.
3rd period
0:01 of 3rd period - Lucas Wallmarkk wins face-off versus Radek Faksa in neutral zone.
0:07 of 3rd period - Icing by Radek Faksa.
0:08 of 3rd period - Radek Faksa wins face-off versus Joe Snively in Senators zone.
0:19 of 3rd period - Zac Leslie is hit by Lucas Wallmarkk and loses puck.
0:37 of 3rd period - Minor Penalty to Zac Leslie for Slashing.
0:38 of 3rd period - Radek Faksa wins face-off versus Cristoval Nieves in Senators zone.
0:43 of 3rd period - Off-side.
0:44 of 3rd period - Cristoval Nieves wins face-off versus Radek Faksa in neutral zone.
0:49 of 3rd period - Slapshot by Blake Heinrich.
0:49 of 3rd period - Stopped by Justus Annunen without a rebound.
0:50 of 3rd period - Radek Faksa wins face-off versus Lucas Wallmarkk in Senators zone.
2:37 of 3rd period - Penalty to Zac Leslie is over, Zac Leslie is back on ice.
3:18 of 3rd period - Vitaly Abramov is hit by Brett Murray.
3:44 of 3rd period - Snap shot by Anton Karlsson.
3:44 of 3rd period - Shot Blocked by J.T. Brown.
4:55 of 3rd period - Jonas Siegenthaler is hit by Matt Kiersted.
4:59 of 3rd period - Jonas Siegenthaler is hit by Blake Heinrich.
5:11 of 3rd period - Martin Fehervary is hit by J.T. Brown and loses puck.
6:25 of 3rd period - J.T. Brown is hit by Bryce Kindopp and loses puck.
6:44 of 3rd period - Wrist shot by Marc Michaelis.
6:44 of 3rd period - Stopped by Kevin Lankinen without a rebound.
6:45 of 3rd period - Lucas Wallmarkk wins face-off versus Chase De Leo in Phantoms zone.
7:05 of 3rd period - Wrist shot by Marc Michaelis.
7:05 of 3rd period - Shot Misses the Net.
7:07 of 3rd period - Slapshot by Artem Zub.
7:07 of 3rd period - Shot Blocked by Joe Snively.
7:09 of 3rd period - Snap shot by Marc Michaelis.
7:09 of 3rd period - Stopped by Kevin Lankinen with a rebound.
7:11 of 3rd period - Slapshot by Mason Geertsen.
7:11 of 3rd period - Shot Blocked by Mikko Lehtonen.
7:13 of 3rd period - Wrist shot by Chase De Leo.
7:13 of 3rd period - Stopped by Kevin Lankinen with a rebound.
7:22 of 3rd period - Minor Penalty to Blake Heinrich for Slashing.
7:23 of 3rd period - Radek Faksa wins face-off versus Lucas Wallmarkk in Phantoms zone.
7:29 of 3rd period - Wrist shot by Radek Faksa.
7:29 of 3rd period - Shot Blocked by Andrey Pedan.
7:31 of 3rd period - Wrist shot by C.J Suess.
7:31 of 3rd period - Stopped by Kevin Lankinen without a rebound.
7:32 of 3rd period - Radek Faksa wins face-off versus Lucas Wallmarkk in Phantoms zone.
8:01 of 3rd period - Snap shot by Carl Grundstrom.
8:01 of 3rd period - Goal by Carl Grundstrom - Phantoms : 3 - Senators : 3.
8:02 of 3rd period - Cristoval Nieves wins face-off versus Radek Faksa in neutral zone.
8:11 of 3rd period - Backhand shot by Cristoval Nieves.
8:11 of 3rd period - Stopped by Justus Annunen with a rebound.
8:29 of 3rd period - Backhand shot by Arttu Ruotsalainen.
8:29 of 3rd period - Shot Misses the Net.
8:35 of 3rd period - Slapshot by Rem Pitlick.
8:35 of 3rd period - Stopped by Justus Annunen without a rebound.
8:36 of 3rd period - Radek Faksa wins face-off versus Lucas Wallmarkk in Senators zone.
8:41 of 3rd period - Slapshot by C.J Suess.
8:41 of 3rd period - Stopped by Kevin Lankinen with a rebound.
8:43 of 3rd period - Wrist shot by C.J Suess.
8:43 of 3rd period - Deflect By Radek Faksa.
8:43 of 3rd period - Stopped by Kevin Lankinen with a rebound.
8:45 of 3rd period - Wrist shot by Radek Faksa.
8:45 of 3rd period - Stopped by Kevin Lankinen with a rebound.
9:45 of 3rd period - Snap shot by Radek Faksa.
9:45 of 3rd period - Deflect By C.J Suess.
9:45 of 3rd period - Shot Misses the Net.
9:45 of 3rd period - Puck is out of play.
9:46 of 3rd period - Radek Faksa wins face-off versus Cristoval Nieves in Phantoms zone.
10:17 of 3rd period - Snap shot by Carl Grundstrom.
10:17 of 3rd period - Shot Blocked by Mikko Lehtonen.
10:19 of 3rd period - Snap shot by Chase De Leo.
10:19 of 3rd period - Shot Misses the Net.
10:21 of 3rd period - Snap shot by Chase De Leo.
10:21 of 3rd period - Shot Blocked by Blake Heinrich.
10:23 of 3rd period - Snap shot by Carl Grundstrom.
10:23 of 3rd period - Shot Blocked by Mikko Lehtonen.
11:45 of 3rd period - Wrist shot by Joe Snively.
11:45 of 3rd period - Shot Blocked by Jesse Graham.
11:47 of 3rd period - Slapshot by Joe Snively.
11:47 of 3rd period - Goal by Joe Snively - Phantoms : 4 - Senators : 3.
11:48 of 3rd period - Radek Faksa wins face-off versus Lucas Wallmarkk in neutral zone.
12:03 of 3rd period - Wrist shot by Joe Snively.
12:03 of 3rd period - Shot Misses the Net.
12:26 of 3rd period - Snap shot by Marc Michaelis.
12:26 of 3rd period - Shot Misses the Net.
12:38 of 3rd period - Arttu Ruotsalainen is hit by Nick Sorensen and loses puck.
13:24 of 3rd period - Wrist shot by Martin Fehervary.
13:24 of 3rd period - Shot Blocked by Andrey Pedan.
13:40 of 3rd period - Slapshot by Mason Geertsen.
13:40 of 3rd period - Shot Misses the Net.
13:42 of 3rd period - Slapshot by Martin Fehervary.
13:42 of 3rd period - Stopped by Kevin Lankinen without a rebound.
13:43 of 3rd period - Lucas Wallmarkk wins face-off versus Chase De Leo in Phantoms zone.
13:43 of 3rd period - Lucas Wallmarkk is hit by Marc Michaelis.
13:49 of 3rd period - Snap shot by Marc Michaelis.
13:49 of 3rd period - Deflect By Chase De Leo.
13:49 of 3rd period - Stopped by Kevin Lankinen with a rebound.
13:59 of 3rd period - Wrist shot by Morgan Klimchuk.
13:59 of 3rd period - Stopped by Justus Annunen without a rebound.
14:00 of 3rd period - Cristoval Nieves wins face-off versus C.J Suess in Senators zone.
14:12 of 3rd period - Blake Heinrich is hit by C.J Suess and loses puck.
14:48 of 3rd period - Matt Kiersted is hit by Cliff Pu and loses puck.
15:52 of 3rd period - Snap shot by Morgan Klimchuk.
15:52 of 3rd period - Deflect By Marc Michaelis.
15:52 of 3rd period - Stopped by Justus Annunen without a rebound.
15:53 of 3rd period - Lucas Wallmarkk wins face-off versus Carl Grundstrom in Senators zone.
15:54 of 3rd period - Snap shot by Joe Snively.
15:54 of 3rd period - Shot Misses the Net.
15:56 of 3rd period - Wrist shot by Morgan Klimchuk.
15:56 of 3rd period - Stopped by Justus Annunen without a rebound.
15:57 of 3rd period - Lucas Wallmarkk wins face-off versus Chase De Leo in Senators zone.
16:24 of 3rd period - Chase De Leo is hit by Mikko Lehtonen and loses puck.
16:31 of 3rd period - Snap shot by David Kampf.
16:31 of 3rd period - Shot Misses the Net.
16:33 of 3rd period - Snap shot by David Kampf.
16:33 of 3rd period - Stopped by Justus Annunen without a rebound.
16:34 of 3rd period - Lucas Wallmarkk wins face-off versus Vitaly Abramov in Senators zone.
17:01 of 3rd period - Rem Pitlick is hit by Radek Faksa and loses puck.
17:35 of 3rd period - Snap shot by C.J Suess.
17:35 of 3rd period - Stopped by Kevin Lankinen with a rebound.
17:42 of 3rd period - Minor Penalty to C.J Suess for Cross-checking.
17:43 of 3rd period - Radek Faksa wins face-off versus Lucas Wallmarkk in Senators zone.
17:50 of 3rd period - Off-side.
17:51 of 3rd period - Lucas Wallmarkk wins face-off versus Radek Faksa in neutral zone.
18:20 of 3rd period - Wrist shot by Joe Snively.
18:20 of 3rd period - Shot Misses the Net.
18:22 of 3rd period - Snap shot by Morgan Klimchuk.
18:22 of 3rd period - Shot Misses the Net.
19:07 of 3rd period - Mikko Lehtonen is hit by Jonas Siegenthaler and loses puck.
19:14 of 3rd period - Anton Karlsson is hit by Joe Snively and loses puck.
19:41 of 3rd period - Wrist shot by Lucas Wallmarkk.
19:41 of 3rd period - Shot Misses the Net.
19:42 of 3rd period - Penalty to C.J Suess is over, C.J Suess is back on ice.
19:43 of 3rd period - Slapshot by Lucas Wallmarkk.
19:43 of 3rd period - Shot Misses the Net.
19:45 of 3rd period - Wrist shot by Blake Heinrich.
19:45 of 3rd period - Deflect By Joe Snively.
19:45 of 3rd period - Shot Misses the Net.
19:45 of 3rd period - Puck is out of play.
19:46 of 3rd period - Mario Lemieux call a timeout for Senators.
19:46 of 3rd period - Cristoval Nieves wins face-off versus Radek Faksa in Senators zone.
19:55 of 3rd period - Senators, Justus Annunen is pulled from the net.
Goals for this period are 1 for Phantoms vs 1 for Senators.
Shots for this period are 8 for Phantoms vs 11 for Senators.